 Dungeon Crawl Stone Soup version 0.24-a0-341-g52ca42d3ec (webtiles) character file.

Game seed: 11094946863756794271

457 Borgoz the Cudgeler (level 7, -12/42 HPs)
             Began as a Gargoyle Gladiator on May 20, 2019.
             Was a Follower of Ashenzari.
             Killed by divine providence
             ... invoked by an orc priest
              (13 damage)
             ... on level 4 of the Dungeon.
             The game lasted 00:05:02 (3880 turns).

Borgoz the Cudgeler (Gargoyle Gladiator)            Turns: 3880, Time: 00:05:03

Health: -12/42     AC: 21    Str: 18    XL:     7   Next: 6%
Magic:  7/7        EV:  9    Int:  8    God:    Ashenzari [*.....]
Gold:   142        SH:  0    Dex: 13    Spells: 6/6 levels left

rFire    . . .     SeeInvis .   m - +1 mace (protect)
rCold    . . .     Gourm    .   (no shield)
rNeg     + . .     Faith    .   q - +0 chain mail
rPois    ∞         Spirit   .   c - +0 helmet
rElec    +         Reflect  .   (no cloak)
rCorr    .         Harm     .   (no gloves)
MR       .....                  (no boots)
Stlth    ..........             (no amulet)
HPRegen  0.14/turn              (no ring)
MPRegen  0.10/turn              (no ring)

@: protection aura
A: negative energy resistance 1, electricity resistance, unbreathing,
petrification resistance, rot immunity, AC +4
a: Curse Item, Scrying, Renounce Religion


You were on level 4 of the Dungeon.
You worshipped Ashenzari.
Ashenzari was aware of your devotion.
You were not hungry.

You visited 1 branch of the dungeon, and saw 4 of its levels.
You also visited: Sewer.

You collected 142 gold pieces.

Inventory:

Hand Weapons
 a - a +0 flail
 m - a +1 mace of protection (weapon)
Missiles
 d - 2 throwing nets (quivered)
Armour
 c - a +0 helmet (worn)
 q - a +0 chain mail (worn)
Scrolls
 b - a scroll of enchant armour {unknown}
 e - 4 scrolls of remove curse
 h - 4 scrolls of teleportation {unknown}
 i - a scroll of fear {unknown}
 k - 4 scrolls of identify {unknown}
 n - 2 scrolls of magic mapping {unknown}
 o - a scroll of enchant weapon {unknown}
 p - a scroll of amnesia {unknown}
 r - 3 scrolls of fog {unknown}
Potions
 g - 3 potions of curing
 j - 2 potions of heal wounds {unknown}
 l - 3 potions of flight {unknown}
 t - a potion of resistance {unknown}
 u - a potion of might {unknown}
Comestibles
 f - 9 rations
 s - 12 chunks of flesh


   Skills:
 + Level 3.6 Fighting
 * Level 5.1 Maces & Flails
 - Level 1.7 Throwing
 + Level 2.9 Armour
 * Level 4.2 Dodging


You had 6 spell levels left.
You didn't know any spells.
Your spell library was empty.

Dungeon Overview and Level Annotations

Branches:
Dungeon (4/15)
 Temple: D:4-7

Altars:
Ashenzari
Elyvilon
Fedhas
Vehumet
Wu Jian


Innate Abilities, Weirdness & Mutations

You are resistant to torment.
Your stone body is resilient. (AC +4)
You are immune to poison.
You resist negative energy. (rN+)
You are resistant to electric shocks. (rElec)
You can survive without breathing.
You are immune to petrification.
You are immune to rotting.


Message History

You thump the gnoll!
The gnoll is heavily wounded.
The gnoll struggles against the net.
Something hits you but does no damage. The gnoll hits you but does no damage.
The gnoll struggles against the net.
You hit the gnoll.
You kill the gnoll!
Something hits you but does no damage. The gnoll hits you but does no damage.
You hear some strange, mumbled words.
A magic dart appears from out of thin air!
The magic dart hits you!
* * * LOW HITPOINT WARNING * * *
The gnoll barely misses you.
You hear some strange, mumbled words.
A puff of flame appears from out of thin air!
The puff of flame hits you but does no damage.
Items here: (( )) †† You closely miss something.
The orc priest invokes the aid of Beogh against you.
Beogh smites you!
You die...

#......... #...>.....
#......... #.........
####.........
............. #..P..####
# ##### ####..'..##
#o#@..# #..#'##..#)
#gg{.)# #..)÷.'..#.
.....g###'##+####..####(
..##.o #..#.....)....#)
## #[.'....#'##..#.
####.##'#[.#.##'
#..#.(#..#.).(
+..#.[####.#.. #.#####
#.###


You could see an orc priest and 3 gnolls.

Vanquished Creatures
  A big kobold (Sewer)
  A scorpion (D:2)
  A bullfrog skeleton (D:3)
  An orc wizard (D:4)
  Terence (D:2)
  An iguana (D:3)
  A worker ant (D:4)
  5 gnolls (D:4)
  2 river rats (Sewer)
  4 adders
  An ooze (D:2)
  2 worms (D:2)
  4 dart slugs
  4 leopard geckos
  7 orcs
  6 bats
  3 giant cockroaches
  10 goblins
  7 hobgoblins
  2 jackals (Sewer)
  2 quokkas
  A ball python (D:3)
  3 frilled lizards
  13 kobolds
  6 rats
89 creatures vanquished.

Notes
Turn   | Place    | Note
-------+----------+-------------------------------------------
     0 | D:1      | Borgoz the Gargoyle Gladiator began the quest for the Orb.
     0 | D:1      | Reached XP level 1. HP: 12/12 MP: 1/1
    42 | D:1      | Found a shattered altar of Ashenzari.
   106 | D:1      | Reached XP level 2. HP: 2/18 MP: 2/2
   497 | D:1      | Became a worshipper of Ashenzari the Shackled
  1065 | D:2      | Noticed a scorpion
  1069 | D:2      | Reached skill level 1 in Armour
  1080 | D:2      | Killed a scorpion
  1080 | D:2      | Reached XP level 3. HP: 7/22 MP: 3/3
  1080 | D:2      | Reached XP level 4. HP: 9/27 MP: 4/4
  1766 | D:2      | Reached skill level 4 in Maces & Flails
  1896 | D:2      | Reached XP level 5. HP: 32/32 MP: 5/5
  1977 | D:2      | Found a radiant altar of Vehumet.
  2176 | D:2      | Noticed Terence
  2189 | D:2      | Killed Terence
  2265 | D:2      | Reached * piety under Ashenzari
  2507 | D:3      | Found a glowing drain.
  2541 | Sewer    | Entered a sewer
  2756 | Sewer    | Noticed a big kobold
  2769 | Sewer    | Killed a big kobold
  2769 | Sewer    | Reached XP level 6. HP: 37/37 MP: 6/6
  2799 | Sewer    | Found a white marble altar of Elyvilon.
  3116 | D:3      | Found a blossoming altar of Fedhas.
  3116 | D:3      | Found an ornate altar of the Wu Jian Council.
  3118 | D:3      | Found a white marble altar of Elyvilon.
  3844 | D:4      | Reached skill level 5 in Maces & Flails
  3864 | D:4      | Reached XP level 7. HP: 28/42 MP: 7/7
  3878 | D:4      | HP: 1/42 [something/magic dart (8)]
  3880 | D:4      | Killed from afar by an orc priest

Levels and vault maps discovered:
D:1:      dpeg_arrival_lava_altar, layout_basic, nicolae_ashenzari_panopticon
D:2:      layout_basic, lemuel_crystal_altar, dk_noncrumbling_3, uniq_terence
D:3:      layout_loops_ring, nicolae_overflow_hidden_temple,
          cheibrodos_sewer_entry_drain, first_ration
D:4:      corexii_shantytown, layout_basic, kennysheep_little_box

Skill      XL: |  1  2  3  4  5  6 |
---------------+-------------------+-----
Armour         | 1 2 |  2.9
Dodging        | 3 4 |  4.2
Maces & Flails | 4 5 |  5.1
Fighting       | 3 |  3.6
Throwing       | |  1.7

Action                   |  1- 3 |  4- 6 |  7- 9 || total
-------------------------+-------+-------+-------++-------
Melee: Flail             |    38 |       |       ||    38
       Mace              |    24 |   296 |     9 ||   329
Throw: Throwing net      |     2 |       |     2 ||     4
  Use: Potion            |       |     2 |     1 ||     3
 Stab: Sleeping          |     1 |       |       ||     1
  Eat: Chunk             |       |    10 |       ||    10
Armor: Leather armour    |    27 |    31 |       ||    58
       Ring mail         |       |    17 |       ||    17
       Chain mail        |       |   215 |    22 ||   237
Dodge: Dodged            |    47 |   183 |     8 ||   238

Table legend:
 A = Non-vault XP
 B = Vault XP
 C = Vault XP percentage of total XP
 D = Non-vault monster count
 E = Vault monster count
 F = Vault count percentage of total count
                 A         B        C        D         E       F
            +---------+---------+-------+---------+---------+-------
      Total |     441 |     213 |  32.6 |      61 |      28 |  31.5
            +---------+---------+-------+---------+---------+-------
        D:1 |      29 |       0 |   0.0 |      13 |       0 |   0.0
        D:2 |     138 |      36 |  20.7 |      19 |       1 |   5.0
        D:3 |     142 |       3 |   2.1 |      22 |       2 |   8.3
        D:4 |     132 |      38 |  22.4 |       7 |      13 |  65.0
      Sewer |       0 |     136 | 100.0 |       0 |      12 | 100.0
            +---------+---------+-------+---------+---------+-------
